 Dungeon Crawl Stone Soup version 0.19.0-23-gf02e663 (webtiles) character file.

51 shinino the Cudgeler (level 4, -3/35 HPs)
             Began as a Formicid Fighter on Nov 20, 2016.
             Slain by a gnoll
             ... wielding a +0 flail
              (4 damage)
             ... on level 2 of the Dungeon.
             The game lasted 00:03:48 (1227 turns).

shinino the Cudgeler (Formicid Fighter)             Turns: 1227, Time: 00:03:51

Health: -3/35      AC:  8    Str: 19 (21) XL:     4   Next: 7%
Magic:  4/4        EV:  9    Int:  6 (7)  God:
Gold:   46         SH:  4    Dex:  9 (11) Spells: 0 memorised, 3 levels left

rFire  . . .     SeeInvis +     a - +0 flail
rCold  . . .     Gourm    .     b - +0 scale mail
rNeg   . . .     Faith    .     e - +0 buckler (curse)
rPois  .         Spirit   .     (helmet unavailable)
rElec  .         Reflect  .     i - +0 cloak
rCorr  .         Harm     .     (no gloves)
MR     .....                    (no boots)
Stlth  ..........               (no amulet)
                                (no ring)
                                (no ring)

@: no status effects
A: permanent stasis, dig shafts and tunnels, four strong arms, antennae 3
a: Dig, Shaft Self


You were on level 2 of the Dungeon.
You were not hungry.

You visited 1 branch of the dungeon, and saw 2 of its levels.

You collected 46 gold pieces.

Inventory:

Hand Weapons
 a - a +0 flail (weapon)
Armour
 b - a +0 scale mail (worn)
 c - a +0 shield
 e - a cursed +0 buckler (worn)
 i - a +0 cloak (worn)
Scrolls
 k - a scroll of amnesia {unknown}
 m - a scroll of random uselessness {unknown}
 n - a scroll of remove curse {unknown}
 o - a scroll of identify {unknown}
Potions
 d - a potion of might
 j - a potion of flight {unknown}
 q - a potion of beneficial mutation {unknown}
Comestibles
 f - a bread ration
 h - 4 fruits
 l - 2 meat rations


   Skills:
 - Level 3.2 Fighting
 + Level 4.0 Maces & Flails
 - Level 3.2 Armour
 - Level 3.6 Shields


You had 3 spell levels left.
You didn't know any spells.

Dungeon Overview and Level Annotations

Branches:
Dungeon (2/15)

Altars:


Innate Abilities, Weirdness & Mutations

You are under a permanent stasis effect.
You can dig through walls and to a lower floor.
Your four strong arms can wield two-handed weapons with a shield.
You have a pair of large antennae on your head. (SInv)


Message History

You kill the jackal!
The gnoll closely misses you.
The gnoll hits you from afar with a spear.
You see here a jackal corpse.
You barely miss the gnoll.
The gnoll hits you from afar with a halberd.
The gnoll hits you with a flail! You block the gnoll's attack.
You hit the gnoll.
The gnoll is lightly wounded.
The gnoll hits you from afar with a halberd!
* * * LOW HITPOINT WARNING * * *
The gnoll hits you but does no damage. The gnoll barely misses you.
You are too injured to fight recklessly!
It was a potion of degeneration.
There was something very wrong with that liquid.
You feel weakened.
You feel dopey.
You feel clumsy.
The gnoll hits you from afar with a halberd!
* * * LOW HITPOINT WARNING * * *
The gnoll hits you but does no damage. The gnoll hits you with a flail.
You die... # . ##. #. .. #.# .# #..###.# #..... #..g#### ##ggg@.# #†.###.# #..## #.# #g# #.###### #gg

#......######..
...
####..<........
....
#.^.#.########
.... #..###.#
.... ....#
#.#######


You could see 4 gnolls.

Vanquished Creatures
  A worm (D:2)
  2 dart slugs (D:1)
  2 leopard geckos
  A ball python (D:2)
  3 giant cockroaches (D:1)
  9 goblins
  3 hobgoblins
  4 jackals (D:2)
  3 bats
  A frilled lizard (D:2)
  4 kobolds (D:1)
  5 rats
38 creatures vanquished.

Notes
Turn   | Place    | Note
-------+----------+-------------------------------------------
     0 | D:1      | shinino the Formicid Fighter began the quest for the Orb.
     0 | D:1      | Reached XP level 1. HP: 18/18 MP: 1/1
   119 | D:1      | Reached XP level 2. HP: 21/24 MP: 2/2
   498 | D:1      | Reached skill level 3 in Maces & Flails
   547 | D:1      | Reached XP level 3. HP: 28/29 MP: 3/3
  1215 | D:2      | Reached skill level 4 in Maces & Flails
  1215 | D:2      | Reached XP level 4. HP: 35/35 MP: 4/4
  1227 | D:2      | HP: 1/35 [gnoll/halberd (7)]
  1227 | D:2      | Slain by a gnoll

Skill      XL: |  1  2  3 |
---------------+----------+-----
Maces & Flails | 3 4 |  4.0
Fighting       | |  3.2
Armour         | |  3.2
Shields        | |  3.6

Action                   |  1- 3 |  4- 6 || total
-------------------------+-------+-------++-------
Melee: Flail             |   112 |     6 ||   118
  Use: Potion            |       |     1 ||     1
  Eat: Chunk             |     1 |       ||     1
Armor: Scale mail        |    74 |     7 ||    81
Dodge: Dodged            |    76 |     6 ||    82
Block: Shield            |     4 |       ||     4
       Buckler           |    32 |     4 ||    36
